 Dungeon Crawl Stone Soup version 0.20-a0-390-g4892b34 (webtiles) character file.

99 tv1990 the Shield-Bearer (level 5, 0/42 HPs)
             Began as a Formicid Fighter on Dec 30, 2016.
             Was an Initiate of Elyvilon.
             Succumbed to Terence's poison
             ... on level 3 of the Dungeon.
             The game lasted 00:04:14 (1327 turns).

tv1990 the Shield-Bearer (Formicid Fighter)         Turns: 1327, Time: 00:04:14

Health: 0/42       AC:  6    Str: 21    XL:     5   Next: 2%
Magic:  5/5        EV:  8    Int:  7    God:    Elyvilon [......]
Gold:   34         SH:  9    Dex: 11    Spells: 4/4 levels left

rFire  . . .     SeeInvis +     a - +0 war axe
rCold  . . .     Gourm    .     b - +0 scale mail
rNeg   . . .     Faith    .     c - +0 shield
rPois  .         Spirit   .     (helmet unavailable)
rElec  .         Reflect  .     (no cloak)
rCorr  .         Harm     .     (no gloves)
MR     .....                    (no boots)
Stlth  ..........               (no amulet)
                                (no ring)
                                (no ring)

@: lethally poisoned (0 -> -2)
A: permanent stasis, dig shafts and tunnels, four strong arms, antennae 3
a: Dig, Shaft Self, Renounce Religion


You were on level 3 of the Dungeon.
You worshipped Elyvilon.
Elyvilon was noncommittal.
You were very hungry.

You visited 1 branch of the dungeon, and saw 3 of its levels.

You collected 34 gold pieces.

Inventory:

Hand Weapons
 a - a +0 war axe (weapon)
Armour
 b - a +0 scale mail (worn)
 c - a +0 shield (worn)
Wands
 d - a wand of random effects (27/48)
Scrolls
 g - a scroll of teleportation {unknown}
 j - a scroll of identify {unknown}
Comestibles
 f - 2 bread rations
 h - a meat ration


   Skills:
 + Level 4.0 Fighting
 * Level 3.7 Axes
 - Level 3.4 Armour
 + Level 4.2 Shields


You had 4 spell levels left.
You didn't know any spells.

Dungeon Overview and Level Annotations

Branches:
Dungeon (2/15)

Altars:
Elyvilon
Makhleb

Annotations:
D:2 Sigmund


Innate Abilities, Weirdness & Mutations

You cannot be hasted, slowed, berserked, paralysed or teleported.
You can dig through walls and to a lower floor.
Your four strong arms can wield two-handed weapons with a shield.
You have a pair of large antennae on your head. (SInv)


Message History

The quokka is severely wounded.
You block the quokka's attack.
You barely miss the quokka.
The quokka is severely wounded.
* * * LOW HITPOINT WARNING * * *
You feel sick. You block the quokka's attack. x2
You hit the quokka but do no damage.
The quokka is severely wounded.
The quokka bites you but does no damage.
Your shield and scale mail prevent you from hitting the quokka.
The quokka is severely wounded.
You block the quokka's attack.
The quokka bites you but does no damage.
You slash the quokka!
You kill the quokka!
* * * LOW HITPOINT WARNING * * *
You feel sick.
You see here a quokka corpse.
You see here a spear.
You die...

#.# ##(##
##...##
##.....##
##.(.....##
#.........#
+....†....+
#....)....#
##...@...##
##.....##
##...##
#....
#..### #..#
.... #...


There were no monsters in sight!

Vanquished Creatures
  Terence (D:2)
  Robin (D:2)
  2 adders
  An orc (D:3)
  3 giant cockroaches (D:1)
  8 goblins
  7 hobgoblins
  4 jackals (D:2)
  6 kobolds
  A quokka (D:3)
  A ball python (D:1)
  3 bats
  2 frilled lizards (D:1)
40 creatures vanquished.

Vanquished Creatures (others)
  5 toadstools (D:1)
5 creatures vanquished.

Grand Total: 45 creatures vanquished

Notes
Turn   | Place    | Note
-------+----------+-------------------------------------------
     0 | D:1      | tv1990 the Formicid Fighter began the quest for the Orb.
     0 | D:1      | Reached XP level 1. HP: 18/18 MP: 1/1
   125 | D:1      | Reached XP level 2. HP: 24/24 MP: 2/2
   980 | D:2      | Reached XP level 3. HP: 26/29 MP: 3/3
  1046 | D:2      | Noticed Robin
  1075 | D:2      | Killed Robin
  1075 | D:2      | Reached XP level 4. HP: 15/36 MP: 4/4
  1284 | D:2      | Found a burning altar of Makhleb.
  1290 | D:2      | Noticed Terence
  1295 | D:2      | Noticed Sigmund
  1297 | D:2      | Killed Terence
  1304 | D:2      | You fall through a shaft!
  1304 | D:3      | Found a white marble altar of Elyvilon.
  1307 | D:3      | Became a worshipper of Elyvilon the Healer
  1314 | D:3      | Reached XP level 5. HP: 5/42 MP: 5/5
  1317 | D:3      | HP: 2/42 [poisoned by Terence]
  1324 | D:3      | HP: 1/42 [poisoned by Terence]
  1327 | D:3      | Succumbed to Terence's poison

Skill      XL: |  1  2  3  4 |
---------------+-------------+-----
Axes           | 3 |  3.7
Shields        | 4 |  4.2
Fighting       | 4 |  4.0
Armour         | |  3.4

Action                   |  1- 3 |  4- 6 || total
-------------------------+-------+-------++-------
Melee: War axe           |    87 |    22 ||   109
 Abil: Dig               |     1 |       ||     1
       Shaft Self        |       |     1 ||     1
  Use: Potion            |     1 |     1 ||     2
  Eat: Chunk             |     1 |       ||     1
Armor: Scale mail        |    42 |     9 ||    51
Dodge: Dodged            |    29 |     6 ||    35
Block: Shield            |    49 |    10 ||    59

Vault maps used:
D:1:      ldierk_walled_garden, hangedman_decor_push
D:2:      lemuel_doored_altar, lightli_temple_of_fire, kennysheep_potato,
          uniq_robin, uniq_iyjb, uniq_terence, uniq_sigmund
D:3:      overflow_temple_1_default, elyvilon_altar_1, uniq_natasha,
          uniq_jessica
